 Dungeon Crawl Stone Soup version 0.26.0-10-g1f06aea511 (webtiles) character file.

Game seed: 8613786459472259907

181 Borgoz the Slasher (level 5, -1/45 HPs)
             Began as a Ghoul Gladiator on Jan 30, 2021.
             Slain by a phantom (8 damage)
             ... on level 4 of the Dungeon.
             The game lasted 00:02:30 (2022 turns).

Borgoz the Slasher (Ghoul Gladiator)                Turns: 2022, Time: 00:02:31

Health: -1/45      AC:  4    Str: 18    XL:     5   Next: 61%
Magic:  4/4        EV: 13    Int:  3    God:
Gold:   147        SH:  0    Dex: 11    Spells: 4/4 levels left

rFire    . . .     SeeInvis .   b - +2 short sword (freeze)
rCold    + . .     Faith    .   (no shield)
rNeg     + + +     Spirit   .   f - +0 leather armour
rPois    ∞         Reflect  .   c - +0 helmet
rElec    .         Harm     .   e - scarf {repulsion}
rCorr    .         Rampage  .   (no gloves)
Will     .....                  (no boots)
Stlth    +.........             (no amulet)
HPRegen  0.00/turn              (no ring)
MPRegen  0.09/turn              (no ring)

@: repel missiles
A: claws 1, cold resistance 1, negative energy resistance 3, inhibited
regeneration, torment resistance, unbreathing
a: no special abilities


You were on level 4 of the Dungeon.
You visited 1 branch of the dungeon, and saw 3 of its levels.

You collected 147 gold pieces.

Inventory:

Hand Weapons
 a - a +0 long sword
 b - a +2 short sword of freezing (weapon)
Missiles
 d - 4 throwing nets (quivered)
Armour
 c - a +0 helmet (worn)
 e - a scarf of repulsion (worn)
 f - a +0 leather armour (worn)
Scrolls
 h - 4 scrolls of remove curse
 j - a scroll of blinking
Potions
 o - a potion of brilliance


   Skills:
 + Level 3.3 Fighting
 * Level 4.1 Long Blades
 - Level 1.7 Throwing
 + Level 1.8 Armour
 + Level 3.4 Dodging


You had 4 spell levels left.
You didn't know any spells.
Your spell library was empty.

Dungeon Overview and Level Annotations

Branches:
Dungeon (2/15)

Altars:
Qazlal
Uskayaw


Innate Abilities, Weirdness & Mutations

You thrive by killing the living.
You are immune to poison.
You have sharp fingernails.
Your flesh is cold resistant. (rC+)
You are immune to negative energy. (rN+++)
You do not regenerate when monsters are visible.
You are immune to unholy pain and torment.
You can survive without breathing.


Message History

You see here a throwing net.
d - 4 throwing nets (gained 1)
You aren't carrying any items that you can evoke.
The phantom blinks!
You are too injured to fight recklessly!
You are too injured to fight recklessly!
You closely miss the phantom.
The phantom is lightly damaged.
The phantom hits you.
You closely miss the phantom.
The phantom is lightly damaged.
The phantom hits you!
* * * LOW HITPOINT WARNING * * *
The phantom blinks!
The phantom blinks!
You see here a robe.
Okay, then.
The phantom blinks!
The phantom hits you!
You die...

######....### #......####
...#....#
###.###############
#...##.......!..#.#
#.####..........#.#########
##.# #..........#..........
#..# #............########.
####.#####....@W....### #.
#.......)...........# ##
#.......####..........# #
######### #..........# #
############


You could see a phantom.

Vanquished Creatures
  A phantom (D:4)
  An adder (D:4)
  2 worms
  2 dart slugs (D:1)
  2 leopard geckos (D:1)
  5 orcs (D:4)
  5 bats
  3 giant cockroaches (D:1)
  4 goblins
  5 hobgoblins
  11 jackals
  A frilled lizard (D:1)
  6 kobolds
  8 rats
56 creatures vanquished.

Notes
Turn   | Place    | Note
-------+----------+-------------------------------------------
     0 | D:1      | Borgoz the Ghoul Gladiator began the quest for the Orb.
     0 | D:1      | Reached XP level 1. HP: 17/17 MP: 0/0
   247 | D:1      | Reached XP level 2. HP: 25/25 MP: 1/1
   346 | D:1      | Reached skill level 3 in Long Blades
   584 | D:1      | Reached XP level 3. HP: 30/30 MP: 2/2
   940 | D:1      | Reached skill level 1 in Armour
  1257 | D:2      | Reached XP level 4. HP: 37/37 MP: 3/3
  1358 | D:2      | Found a stormy altar of Qazlal.
  1359 | D:2      | Found a hide-covered altar of Uskayaw.
  1489 | D:2      | You fall into a shaft and drop 2 floors!
  1510 | D:4      | Noticed a phantom
  1576 | D:4      | Killed a phantom
  1577 | D:4      | Reached skill level 4 in Long Blades
  1577 | D:4      | Reached XP level 5. HP: 10/45 MP: 4/4
  1953 | D:4      | Noticed a phantom
  2022 | D:4      | Slain by a phantom

Illustrated notes

Levels and vault maps discovered:
D:1:      zelgadis_glass_arrival_small, layout_loops_corners
D:2:      layout_loops_cross, nicolae_overflow_hidden_temple
D:4:      layout_rooms, serial_shops, nicolae_shop_window_shopping,
          grunt_decor_resistance

Skill      XL: |  1  2  3  4 |
---------------+-------------+-----
Long Blades    | 3 4 |  4.1
Dodging        | 3 |  3.4
Armour         | 1 |  1.8
Fighting       | 3 |  3.3
Throwing       | |  1.7

Action                   |  1- 3 |  4- 6 || total
-------------------------+-------+-------++-------
Melee: Long sword        |    20 |       ||    20
       Short sword       |    87 |    67 ||   154
Throw: Throwing net      |       |     1 ||     1
  Use: Scroll            |     1 |     5 ||     6
       Potion            |       |     5 ||     5
Armor: Leather armour    |    47 |    10 ||    57
Dodge: Dodged            |    87 |    26 ||   113
       Rpst.: Long sword |     3 |       ||     3
